 Dungeon Crawl Stone Soup version 0.31.0-32-g396128a36d (webtiles) character file.

Game seed: 11427928961817882109

354 Silvore the Covered (level 6, -3/53 HPs)
             Began as a Minotaur Fighter on Mar 19, 2024.
             Was a Believer of Zin.
             Slain by an orc warrior
             ... wielding a +0 short sword of venom
              (9 damage)
             ... on level 4 of the Dungeon.
             The game lasted 00:02:58 (2248 turns).

Silvore the Covered (Minotaur Fighter)              Turns: 2248, Time: 00:02:58

Health: -3/53      AC: 10    Str: 23    XL:     6   Next: 35%
Magic:  5/5        EV:  8    Int:  5    God:    Zin [**....]
Gold:   162        SH:  4    Dex:  9    Spells: 5/5 levels left

rFire   . . .        a - +0 flail
rCold   . . .        c - +0 buckler
rNeg    . . .        n - +0 chain mail
rPois   .            (helmet restricted)
rElec   .            (no cloak)
rCorr   .            (no gloves)
SInv    .            (no boots)
Will    .....        (no amulet) Stlth
                     (no ring)
HPRegen 0.28/turn    (no ring)
MPRegen 0.09/turn

%: no passive effects
@: mighty, lethally poisoned (-3 -> -27)
A: horns 2, retaliatory headbutt
a: Renounce Religion, Recite, Vitalisation, Donate Gold


You were on level 4 of the Dungeon.
You worshipped Zin.
Zin was pleased with you.
You visited 1 branch of the dungeon, and saw 4 of its levels.
You also visited: Sewer.

You collected 179 gold pieces.
You donated 17 gold pieces to Zin.

Inventory:

Hand Weapons
 a - a +0 flail (weapon)
Armour
 b - a +0 scale mail
 c - a +0 buckler (worn)
 n - a +0 chain mail (worn)
Jewellery
 s - a ring of magical power
Scrolls
 e - a scroll of acquirement {unknown}
 f - 5 scrolls of teleportation {unknown}
 h - a scroll of poison {unknown}
 i - 5 scrolls of amnesia {unknown}
 j - a scroll of blinking {unknown}
 l - a scroll of torment {unknown}
 m - 4 scrolls of identify {unknown}
 o - a scroll of enchant weapon {unknown}
 q - 2 scrolls of enchant armour {unknown}
 r - a scroll of revelation {unknown}
Potions
 g - 4 potions of degeneration {unknown}
 k - 4 potions of magic {unknown}
 p - a potion of enlightenment {unknown}
 t - a potion of lignification {unknown}
 u - a potion of mutation {unknown}
 v - a potion of attraction {unknown}


   Skills:
 + Level 4.5 Fighting
 + Level 5.1 Maces & Flails
 + Level 5.6 Armour
 + Level 1.6 Dodging
 + Level 0.2 Stealth
 + Level 4.6 Shields


You had 5 spell levels left.
You didn't know any spells.
Your spell library contained the following spells:

 Spells                   Type           Power      Damage    Failure   Level
 Iskenderun's Battlesphe  Conj           0%         2d6       100%        5
 Bombard                  Conj/Erth      0%         9d1       100%        6
 Spellforged Servitor     Conj/Summ      0%         N/A       100%        7


Dungeon Overview and Level Annotations

Branches:
Dungeon (4/15)              Sewer (visited)
 Temple: D:4-7

Altars:
Zin


Innate Abilities, Weirdness & Mutations

You have a pair of horns on your head.
You reflexively headbutt those who attack you in melee.


Message History

You hit the orc but do no damage. You headbutt the orc, but do no damage.
The orc closely misses you.
You sock the orc!
You kill the orc!
The orc priest mumbles some strange prayers to Beogh against you.
Pain shoots through your body! The orc warrior closely misses you.
You furiously retaliate!
You headbutt the orc warrior.
The orc priest calls down the wrath of Beogh upon you.
You barely resist.
Things that are here:
a +0 hand axe; a +0 scale mail; an orc corpse The orc priest hits you but does no damage.
The orc warrior hits you but does no damage.
You are poisoned.
You hit the orc priest.
The orc priest is moderately wounded.
You feel very sick.
The orc warrior hits you with a +0 short sword of venom.
You are more poisoned.
The orc priest barely misses you.
You sock the orc priest!
You kill the orc priest!
You feel very sick.
The orc warrior hits you with a +0 short sword of venom!
You are lethally poisoned!
The orc warrior hits you but does no damage.
You are more poisoned.
You hit the orc warrior but do no damage.
Your headbutt misses the orc warrior.
The orc warrior is lightly wounded.
* * * LOW HITPOINT WARNING * * *
You feel extremely sick.
The orc warrior hits you but does no damage.
You are more poisoned.
You feel very mighty all of a sudden.
* * * LOW HITPOINT WARNING * * *
You feel extremely sick.
The orc warrior hits you with a +0 short sword of venom!
You die...

............#......
.........##.#.####.#
..>......##.#[.....#
.........##....#####
#######+######.....#
#............#
#######..#####
#..)o.### #!.)@...#
#####.#.# .# # .# ##


You could see an orc warrior.

Vanquished Creatures
  Pargi (Sewer)
  2 brain worms (Sewer)
  An orc priest (D:4)
  3 adders
  2 dart slugs
  A ribbon worm (D:3)
  2 orcs
  11 ball pythons
  6 endoplasms
  4 giant cockroaches
  3 goblins
  5 hobgoblins
  4 jackals (D:1)
  5 kobolds
  A quokka (D:4)
  A bat (D:1)
  5 frilled lizards
  8 rats
65 creatures vanquished.

Notes
Turn   | Place    | Note
-------+----------+-------------------------------------------
     0 | D:1      | Silvore the Minotaur Fighter began the quest for the Orb.
     0 | D:1      | Reached XP level 1. HP: 19/19 MP: 0/0
   105 | D:1      | Reached XP level 2. HP: 26/27 MP: 1/1
   654 | D:2      | Reached XP level 3. HP: 33/33 MP: 2/2
   665 | D:2      | Found a glowing silver altar of Zin.
   676 | D:2      | Became a worshipper of Zin the Law-Giver
   946 | D:2      | Found a faded altar of an unknown god.
   954 | D:2      | Reached * piety under Zin
  1265 | D:3      | Found a glowing drain.
  1299 | Sewer    | Entered a sewer
  1315 | Sewer    | Reached XP level 4. HP: 40/40 MP: 3/3
  1333 | Sewer    | Noticed a brain worm
  1343 | Sewer    | Killed a brain worm
  1376 | Sewer    | Reached XP level 5. HP: 43/46 MP: 4/4
  1407 | Sewer    | Noticed Pargi
  1431 | Sewer    | Killed Pargi
  1432 | Sewer    | Reached skill level 5 in Armour
  1432 | Sewer    | Reached skill level 1 in Dodging
  1436 | Sewer    | Reached skill level 5 in Maces & Flails
  1436 | Sewer    | Reached XP level 6. HP: 32/53 MP: 3/5
  2200 | D:4      | Reached ** piety under Zin
  2239 | D:4      | Noticed an orc warrior
  2248 | D:4      | Slain by an orc warrior

Illustrated notes

Levels and vault maps discovered:
D:1:      dpeg_arrival_houses_and_road, layout_basic, serial_aquarium,
          aquarium_bridge_straight [aquarium_subvault_bridge,
          aquarium_subvault_window, aquarium_subvault_bridge,
          aquarium_subvault_wall], aquarium_window_fake, aquarium_window_2,
          aquarium_window_fake, aquarium_view_2c, aquarium_balcony_double_2,
          kennysheep_doodads, grunt_decor_resistance
D:2:      layout_basic, chequers_ecumenical_altar_simple_redux, basic_altar
D:3:      layout_loops_ring, cheibrodos_sewer_entry_drain
D:4:      layout_basic, minmay_temple_entry_statues_pillars,
          grunt_decor_arrowhead

Skill      XL: |  1  2  3  4  5 |
---------------+----------------+-----
Shields        | 4 |  4.6
Armour         | 4 5 |  5.6
Maces & Flails | 3 4 5 |  5.1
Fighting       | 4 |  4.5
Dodging        | 1 |  1.6
Stealth        | |  0.2

Action                     |  1- 3 |  4- 6 || total
---------------------------+-------+-------++-------
  Melee: Flail             |    87 |    89 ||   176
         Headbutt          |     8 |    10 ||    18
    Use: Potion            |       |     1 ||     1
 Armour: Scale mail        |    43 |       ||    43
         Chain mail        |    24 |   116 ||   140
  Dodge: Dodged            |    52 |    53 ||   105
  Block: Buckler           |    26 |    33 ||    59
